[Event "Titled Tuesday Blitz August 15 Early 2023"]
[White "Rodriguez, Santiago"]
[Black "Smietanska, Wiktoria"]
[WhiteFideId "3000591"]
[BlackFideId "21869359"]
[WhiteElo "2479"]
[BlackElo "2258"]
[Result "1/2-1/2"]
[Round "2"]
[TimeControl "180+1"]
[Date "2023.08.15"]
[WhiteClock "0:01:14"]
[BlackClock "0:00:13"]
[Board "200"]

1. d4 Nf6 2. Bg5 d5 3. Bxf6 gxf6 4. e3 c5 5. c4 cxd4 6. Qxd4 Qa5+ 7. Nc3 dxc4 8. Bxc4 Nc6 9. Qh4 Ne5 10. Bb5+ Bd7 11. Bxd7+ Nxd7 12. Ne2 Ne5 13. O-O Bg7 14. Rfd1 O-O 15. Nf4 Ng6 16. Qh5 Qxh5 17. Nxh5 Bh6 18. Nd5 Rfd8 19. Rac1 Rac8 20. Rxc8 Rxc8 21. f4 Bf8 22. Rd2 f5 23. Kf2 e6 24. Ndf6+ Kh8 25. Kf3 Be7 26. g3 Nf8 27. h3 Rd8 28. Rxd8 Bxd8 29. g4 fxg4+ 30. hxg4 Ng6 31. Ke4 Bxf6 32. Nxf6 Kg7 33. Ne8+ Kf8 34. Nd6 b6 35. Nc8 Ne7 36. Nxa7 f5+ 37. Kf3 fxg4+ 38. Kxg4 Kg7 39. e4 Kg6 40. Nb5 h5+ 41. Kh4 Kh6 42. Nd4 Ng6+ 43. Kg3 e5 44. Nf5+ Kh7 45. fxe5 Nxe5 46. a4 Kg6 47. b4 Nd3 48. a5 bxa5 49. bxa5 Nc5 50. Nd6 Kg5 51. e5 h4+ 52. Kh3 Kf4 53. e6 Nxe6 54. a6 Nc7 55. a7 Ke5 56. Nb5 Na8 57. Kxh4 Kd5 58. Kg5 Kc6 59. Nd4+ Kb7 60. Nc6 Kxc6 61. Kf5 Kb7 62. Ke6 Kxa7 1/2-1/2


[Site "https://www.chess.com"]

[Event "Titled Tuesday Blitz August 15 Early 2023"]
[White "Kohler, Aran"]
[Black "favesaul"]
[WhiteFideId "1002856"]
[WhiteElo "2257"]
[BlackElo "2478"]
[Result "1-0"]
[Round "2"]
[TimeControl "180+1"]
[Date "2023.08.15"]
[WhiteClock "0:00:50"]
[BlackClock "0:00:00"]
[Board "201"]

1. d4 Nf6 2. c3 g6 3. Bg5 Bg7 4. Nd2 d5 5. e3 O-O 6. Bd3 b6 7. Ngf3 Bb7 8. h4 h6 9. h5 hxg5 10. hxg6 fxg6 11. Bxg6 Bc8 12. Nxg5 Bg4 13. Qc2 Nh5 14. Rxh5 Bxh5 15. Bxh5 Rf6 16. f4 c5 17. O-O-O Nc6 18. Rh1 cxd4 19. exd4 Kf8 20. Nh7+ Kg8 21. Nxf6+ exf6 22. Bg4 Qd6 23. Qh7+ Kf8 24. g3 b5 25. Kb1 b4 26. Re1 bxc3 27. Be6 cxd2 28. Qg8+ Ke7 29. Qxg7+ Kd8 30. Qxf6+ Kc7 31. Rd1 Re8 32. f5 Qb4 33. Qg7+ 1-0


[Site "https://www.chess.com"]

[Event "Titled Tuesday Blitz August 15 Early 2023"]
[White "Ankerst, Mihael"]
[Black "Fajdetic, Hrvoje"]
[WhiteFideId "14602369"]
[BlackFideId "14501945"]
[WhiteElo "2477"]
[BlackElo "2251"]
[Result "1-0"]
[Round "2"]
[TimeControl "180+1"]
[Date "2023.08.15"]
[WhiteClock "0:00:31"]
[BlackClock "0:00:01"]
[Board "202"]

1. e4 c5 2. Nf3 a6 3. d4 cxd4 4. Nxd4 Nf6 5. Nc3 e5 6. Nf3 Nc6 7. Bc4 Bb4 8. O-O O-O 9. Nd5 Be7 10. Nxf6+ Bxf6 11. c3 b5 12. Bd5 Rb8 13. Re1 Re8 14. Nd2 Ne7 15. Bb3 Bb7 16. Nf1 d5 17. exd5 Bxd5 18. Ne3 Bc6 19. Qg4 Qd7 20. Qh5 g6 21. Qh6 Nf5 22. Nxf5 Qxf5 23. Qe3 Rbd8 24. Qg3 Rd3 25. Be3 h5 26. h4 Qg4 27. Qxg4 hxg4 28. Rad1 Rxd1 29. Rxd1 Rd8 30. Bg5 Rxd1+ 31. Bxd1 Bxg5 32. hxg5 Bd7 33. Kh2 Be6 34. a3 Kf8 35. Kg3 Ke7 36. Bxg4 Bd5 37. Bf3 Be6 38. Bb7 a5 39. Ba6 Bc4 40. a4 Kd6 41. Bxb5 Bd5 42. b4 axb4 43. cxb4 Be4 44. f3 Ba8 45. a5 Bb7 46. Bc4 Ba8 47. Bxf7 1-0


[Site "https://www.chess.com"]

[Event "Titled Tuesday Blitz August 15 Early 2023"]
[White "Dias, Paulo"]
[Black "agvania123"]
[WhiteFideId "1900803"]
[WhiteElo "2476"]
[BlackElo "2245"]
[Result "1-0"]
[Round "2"]
[TimeControl "180+1"]
[Date "2023.08.15"]
[WhiteClock "0:01:17"]
[BlackClock "0:01:03"]
[Board "203"]

1. e4 e5 2. Nf3 Nf6 3. Nc3 Nc6 4. Bb5 Bc5 5. Nxe5 Nxe5 6. d4 Bd6 7. f4 Bb4 8. fxe5 Nxe4 9. O-O Nxc3 10. bxc3 Bxc3 11. Rb1 O-O 12. Rb3 Ba5 13. Rg3 g6 14. Bg5 Qe8 15. Bf6 c6 16. Qh5 Bd2 17. Rh3 h6 18. Qxh6 1-0


[Site "https://www.chess.com"]

[Event "Titled Tuesday Blitz August 15 Early 2023"]
[White "Kula, Robert"]
[Black "Devaev, Alexander"]
[WhiteFideId "1101218"]
[BlackFideId "4169395"]
[WhiteElo "2244"]
[BlackElo "2475"]
[Result "0-1"]
[Round "2"]
[TimeControl "180+1"]
[Date "2023.08.15"]
[WhiteClock "0:01:20"]
[BlackClock "0:00:05"]
[Board "204"]

1. e4 c6 2. d4 d5 3. e5 Bf5 4. g4 Bd7 5. c4 e6 6. Nc3 Ne7 7. Be3 h5 8. f3 dxc4 9. Bxc4 Nd5 10. Bf2 Bb4 11. Ne2 hxg4 12. fxg4 Qg5 13. Qb3 Na6 14. h3 Ne3 15. Bxa6 Bxc3+ 16. Qxc3 Nd5 17. Qb3 bxa6 18. Qb7 Qd8 19. Qxa6 O-O 20. Qd3 Qa5+ 21. Qd2 Qa6 22. O-O Rab8 23. b3 Qa3 24. Ng3 Qb4 25. Rac1 Qxd2 26. Kg2 Qxa2 27. Ne4 Qxb3 28. h4 Qb7 29. h5 c5 30. h6 cxd4 31. hxg7 Ne3+ 32. Kf3 Kxg7 33. Kf4 Bc6 34. Nf6 Nd5+ 35. Kg5 Qe7 36. Bxd4 Rh8 37. Rh1 Rxh1 38. Rxh1 Rh8 39. Rf1 Qb4 40. Ba1 Qc5 41. Bb2 Qe3+ 42. Rf4 Qxf4# 0-1


[Site "https://www.chess.com"]

[Event "Titled Tuesday Blitz August 15 Early 2023"]
[White "brm72"]
[Black "Schachpanda_Youtube"]
[WhiteElo "2475"]
[BlackElo "2243"]
[Result "1-0"]
[Round "2"]
[TimeControl "180+1"]
[Date "2023.08.15"]
[WhiteClock "0:00:47"]
[BlackClock "0:00:20"]
[Board "205"]

1. e4 c6 2. Nc3 d5 3. Nf3 dxe4 4. Nxe4 Nf6 5. Qe2 Nxe4 6. Qxe4 Nd7 7. Bc4 Nf6 8. Ne5 e6 9. Qe2 b5 10. Bd3 Qc7 11. a4 Bd6 12. Nxc6 Bd7 13. axb5 O-O 14. O-O Bxc6 15. bxc6 Qxc6 16. b3 Nd5 17. Qe4 f5 18. Qxe6+ Kh8 19. Ra6 Rf6 20. Qxf6 Bxh2+ 21. Kxh2 Qc7+ 22. Qd6 1-0


[Site "https://www.chess.com"]

[Event "Titled Tuesday Blitz August 15 Early 2023"]
[White "Juicy_Fork"]
[Black "Molenda, Marcin"]
[BlackFideId "1173065"]
[WhiteElo "2241"]
[BlackElo "2471"]
[Result "1-0"]
[Round "2"]
[TimeControl "180+1"]
[Date "2023.08.15"]
[WhiteClock "0:00:55"]
[BlackClock "0:00:18"]
[Board "206"]

1. e4 e6 2. d4 d5 3. Bd3 dxe4 4. Bxe4 Nf6 5. Bf3 Nbd7 6. Ne2 c5 7. O-O cxd4 8. Qxd4 Bc5 9. Qh4 Ne5 10. Qg3 Nxf3+ 11. Qxf3 O-O 12. Bg5 Be7 13. Nbc3 Bd7 14. Rad1 Qc7 15. Bxf6 Bxf6 16. Ne4 Be7 17. Nd4 Rad8 18. c3 f5 19. Ng3 g6 20. Rfe1 Rf6 21. Qe2 Kg7 22. h4 a6 23. h5 Bd6 24. Rd3 e5 25. h6+ Kxh6 26. Qd2+ Kg7 27. Qg5 e4 28. Nh5+ Kg8 29. Nxf6+ Kf7 30. Rh3 h5 31. Nd5 1-0


[Site "https://www.chess.com"]

[Event "Titled Tuesday Blitz August 15 Early 2023"]
[White "Patrascu, Catalin-Lucian"]
[Black "Rivas Garcia, Victor"]
[WhiteFideId "1229052"]
[BlackFideId "2217740"]
[WhiteElo "2469"]
[BlackElo "2240"]
[Result "1-0"]
[Round "2"]
[TimeControl "180+1"]
[Date "2023.08.15"]
[WhiteClock "0:00:40"]
[BlackClock "0:00:24"]
[Board "207"]

1. e4 c5 2. Nf3 Nc6 3. d4 cxd4 4. Nxd4 Nf6 5. Nc3 e5 6. Ndb5 d6 7. Nd5 Nxd5 8. exd5 Nb8 9. c4 a6 10. Nc3 Be7 11. Be3 O-O 12. Be2 f5 13. f3 Nd7 14. O-O Bg5 15. Bf2 Bh4 16. g3 Bf6 17. b4 e4 18. Rc1 exf3 19. Bxf3 Ne5 20. Be2 Bg5 21. Bd4 Bxc1 22. Qxc1 Qe7 23. c5 Bd7 24. cxd6 Qxd6 25. Bc5 Qf6 26. Bxf8 Rxf8 27. Qe3 Re8 28. Qf4 Qb6+ 29. Kh1 Ng6 30. Qd2 Qxb4 31. Rb1 Qd6 32. Rxb7 f4 33. Qd4 fxg3 34. Ne4 g2+ 35. Kg1 Qf4 36. Rxd7 Ne5 37. Rb7 Rc8 38. d6 Rc1+ 39. Kxg2 Rc2 40. Qd5+ Kf8 41. Rb8+ 1-0


[Site "https://www.chess.com"]

[Event "Titled Tuesday Blitz August 15 Early 2023"]
[White "Baghdasaryan, Vahe"]
[Black "Clawitter, Craig"]
[WhiteFideId "13303139"]
[BlackFideId "2023105"]
[WhiteElo "2468"]
[BlackElo "2233"]
[Result "0-1"]
[Round "2"]
[TimeControl "180+1"]
[Date "2023.08.15"]
[WhiteClock "0:00:00"]
[BlackClock "0:00:08"]
[Board "208"]

1. e4 e6 2. d4 d5 3. Nd2 Be7 4. Ngf3 Nf6 5. e5 Nfd7 6. Bd3 c5 7. c3 Nc6 8. O-O a5 9. a3 cxd4 10. cxd4 g5 11. h3 h5 12. Qa4 g4 13. Nh2 Qb6 14. Nb3 Qc7 15. Bd2 Nb6 16. Bxa5 Rxa5 17. Qxa5 Nxa5 18. Nxa5 Nc4 19. Nxc4 dxc4 20. Rac1 b5 21. Be2 gxh3 22. g3 Bb7 23. a4 h4 24. g4 Bg5 25. Rc3 Bd2 26. Rc2 Bb4 27. axb5 Bd5 28. Ra1 Ke7 29. f3 Rb8 30. Ra4 Rxb5 31. Nf1 Qb7 32. Ne3 Be1 33. Nxc4 Bxc4 34. Bxc4 Rxb2 35. Rxb2 Qxb2 36. Ra2 Qc1 37. Kh2 Bg3+ 38. Kxh3 Qh1+ 0-1


[Site "https://www.chess.com"]

[Event "Titled Tuesday Blitz August 15 Early 2023"]
[White "bteillet"]
[Black "Itkis, Boris"]
[BlackFideId "1209167"]
[WhiteElo "2232"]
[BlackElo "2466"]
[Result "1-0"]
[Round "2"]
[TimeControl "180+1"]
[Date "2023.08.15"]
[WhiteClock "0:01:33"]
[BlackClock "0:01:10"]
[Board "209"]

1. b4 c6 2. Bb2 a5 3. bxa5 Qxa5 4. e3 Nf6 5. Nf3 g6 6. Be2 Bg7 7. O-O O-O 8. d4 d5 9. Nbd2 Bf5 10. c4 Nbd7 11. Qb3 Rfb8 12. a4 Ne4 13. Nxe4 dxe4 14. Nh4 c5 15. Nxf5 gxf5 16. Rfd1 e6 17. Bh5 cxd4 18. exd4 Nf6 19. Be2 Ne8 20. Bc3 Qc7 21. c5 Nf6 22. Bc4 Rd8 23. Rab1 Nd5 24. Bxd5 Rxd5 25. Qxb7 Qxb7 26. Rxb7 Rxa4 27. c6 Rd8 28. c7 Rc8 29. Rb8 Ra8 30. Rxa8 Rxa8 31. Rb1 1-0


[Site "https://www.chess.com"]

[Event "Titled Tuesday Blitz August 15 Early 2023"]
[White "Yashmetov, Mikhail"]
[Black "Luxama, Jacques Muller"]
[WhiteFideId "24198900"]
[BlackFideId "11900113"]
[WhiteElo "2466"]
[BlackElo "2232"]
[Result "1-0"]
[Round "2"]
[TimeControl "180+1"]
[Date "2023.08.15"]
[WhiteClock "0:00:04"]
[BlackClock "0:00:04"]
[Board "210"]

1. d4 Nf6 2. c4 e6 3. g3 d5 4. Bg2 c6 5. Nf3 Nbd7 6. O-O Be7 7. Nbd2 O-O 8. Qc2 b6 9. e4 dxe4 10. Nxe4 Bb7 11. Nxf6+ Nxf6 12. Rd1 Qc8 13. c5 Nd7 14. b4 a5 15. Bg5 f6 16. Bd2 axb4 17. Bxb4 Re8 18. Bh3 Bf8 19. Re1 bxc5 20. dxc5 f5 21. Ng5 Nf6 22. Qb3 Nd5 23. Bd2 Bxc5 24. Bxf5 exf5 25. Rxe8+ Qxe8 26. Qxb7 Rb8 27. Qa6 Rb2 28. Rd1 h6 29. Nf3 Kh7 30. Qc4 Ba7 31. Re1 Qd7 32. Qd3 Qf7 33. Ne5 Qf6 34. Nd7 Qg6 35. Nf8+ Kg8 36. Nxg6 1-0


[Site "https://www.chess.com"]

[Event "Titled Tuesday Blitz August 15 Early 2023"]
[White "Yuruultei Batbaatar"]
[Black "Arencibia Monduy, Antonio"]
[WhiteFideId "4905962"]
[BlackFideId "3507939"]
[WhiteElo "2225"]
[BlackElo "2465"]
[Result "0-1"]
[Round "2"]
[TimeControl "180+1"]
[Date "2023.08.15"]
[WhiteClock "0:00:02"]
[BlackClock "0:00:19"]
[Board "211"]

1. d4 Nf6 2. c4 e6 3. Nf3 d5 4. g3 c6 5. Bg2 Ne4 6. O-O Be7 7. Nbd2 f5 8. Ne5 Nd7 9. Ndf3 O-O 10. Qc2 Bd6 11. c5 Be7 12. b4 Nxe5 13. Nxe5 Nf6 14. a4 a6 15. Rb1 Nd7 16. Nf3 Bf6 17. Bf4 Re8 18. b5 axb5 19. axb5 e5 20. dxe5 Nxe5 21. Nxe5 Bxe5 22. Bxe5 Rxe5 23. bxc6 bxc6 24. Rb6 Bd7 25. Rfb1 Re8 26. e3 Qe7 27. Rb7 Qe6 28. Rc7 Rac8 29. Rbb7 Rxc7 30. Rxc7 Rc8 31. Ra7 Rb8 32. Bh3 g6 33. Bf1 Be8 34. Qa4 Bf7 35. Qf4 Rc8 36. Ba6 Rd8 37. Qc7 Re8 38. Bb7 d4 39. Bxc6 Rc8 40. Bd7 Rxc7 41. Ra8+ Kg7 42. Bxe6 Bxe6 43. exd4 Rd7 44. Ra4 Bd5 45. Rb4 Bf3 46. Rb3 Bd5 47. Rb1 Kf6 48. Rd1 Bf3 49. Rd3 Be4 50. Rd2 Ke6 51. f4 Kd5 52. Kf2 Rb7 53. h3 h5 54. h4 Rb4 55. Ke3 Rb3+ 56. Ke2 Rc3 57. Ra2 Rc2+ 58. Rxc2 Bxc2 59. Ke3 Be4 60. Kd2 Kxd4 61. c6 Bxc6 0-1


[Site "https://www.chess.com"]

[Event "Titled Tuesday Blitz August 15 Early 2023"]
[White "NigelDwarf"]
[Black "Vaglio Munoz, Jaime"]
[BlackFideId "6500145"]
[WhiteElo "2464"]
[BlackElo "2225"]
[Result "1-0"]
[Round "2"]
[TimeControl "180+1"]
[Date "2023.08.15"]
[WhiteClock "0:00:12"]
[BlackClock "0:00:50"]
[Board "212"]

1. Nf3 b5 2. e4 Bb7 3. Bxb5 Bxe4 4. O-O Nf6 5. Nc3 Bc6 6. Bxc6 Nxc6 7. d4 e6 8. d5 Ne7 9. Bg5 Ng6 10. Re1 Be7 11. Qd4 O-O 12. Rad1 Rb8 13. dxe6 fxe6 14. b3 Rb4 15. Qxa7 h6 16. Be3 d5 17. Qa6 Bd6 18. Nb5 Qd7 19. Nxd6 cxd6 20. a4 Rc8 21. Qd3 e5 22. Qxg6 Rg4 23. Qd3 e4 24. Qe2 exf3 25. Qxf3 Rf8 26. a5 Ne4 27. Qe2 Qf5 28. f3 Nc3 29. Qf1 Nxd1 30. fxg4 Qxf1+ 31. Rxf1 Rxf1+ 32. Kxf1 Nxe3+ 33. Ke2 d4 34. a6 Nd5 35. Kd3 Kf7 36. Kxd4 Ke6 37. b4 Nb6 38. c4 Kd7 39. b5 Kc7 40. c5 dxc5+ 41. Kxc5 Na4+ 42. Kb4 Nb6 43. h4 Nd5+ 44. Kc5 Nc3 45. b6+ Kc8 46. Kc6 Na4 47. b7+ Kb8 48. a7+ Kxa7 49. Kc7 Ka6 50. b8=Q Ka5 51. Qa7+ Kb5 52. Qb7+ Kc5 53. Qc6+ Kb4 54. Qg6 Nc5 55. Kc6 Nb3 56. Qxg7 Na5+ 57. Kd6 Nc4+ 58. Ke7 Kc5 59. Qxh6 Na5 60. Qg5+ Kb6 61. Qxa5+ Kxa5 62. h5 Kb5 63. g5 Kc4 64. g6 1-0


[Site "https://www.chess.com"]

[Event "Titled Tuesday Blitz August 15 Early 2023"]
[White "Fernandez Hernandez, Gerardo"]
[Black "Mindhunter08"]
[WhiteFideId "2207400"]
[WhiteElo "2221"]
[BlackElo "2463"]
[Result "0-1"]
[Round "2"]
[TimeControl "180+1"]
[Date "2023.08.15"]
[WhiteClock "0:00:00"]
[BlackClock "0:00:17"]
[Board "213"]

1. e4 e5 2. Nf3 Nc6 3. Bc4 Nf6 4. d4 exd4 5. e5 d5 6. Bb5 Ne4 7. Nxd4 Bc5 8. Be3 O-O 9. Nxc6 bxc6 10. Bxc5 Nxc5 11. Bxc6 Rb8 12. Nc3 d4 13. Nd5 Ne6 14. O-O Rxb2 15. f4 Ba6 16. Rf2 Bc4 17. Qf3 Qb8 18. f5 Rb1+ 19. Rf1 Bxf1 20. Rxb1 Qxb1 21. Qxf1 Qxf1+ 22. Kxf1 Nc5 23. Ke2 Rb8 24. Nf4 Rb2 25. Kd1 Rxa2 26. e6 Ra1+ 27. Kd2 fxe6 28. fxe6 Kf8 29. Nd5 Nxe6 0-1


[Site "https://www.chess.com"]

[Event "Titled Tuesday Blitz August 15 Early 2023"]
[White "marik_spb"]
[Black "EvgenyBurmakin"]
[WhiteElo "2461"]
[BlackElo "2217"]
[Result "0-1"]
[Round "2"]
[TimeControl "180+1"]
[Date "2023.08.15"]
[WhiteClock "0:00:00"]
[BlackClock "0:00:15"]
[Board "214"]

1. d4 Nf6 2. c4 g6 3. Nf3 Bg7 4. Nc3 O-O 5. e4 d6 6. Bd3 e5 7. d5 a5 8. O-O Nh5 9. a3 Nf4 10. Bxf4 exf4 11. Qd2 Qf6 12. Rfe1 Nd7 13. Nb5 c6 14. Nbd4 Ne5 15. dxc6 Nxf3+ 16. Nxf3 bxc6 17. h3 a4 18. Rab1 Rb8 19. Bc2 Rxb2 20. e5 dxe5 21. Rxb2 e4 22. Nd4 Qxd4 23. Qxd4 Bxd4 24. Rb8 e3 25. fxe3 fxe3 26. Bxa4 c5 27. Bc6 Bf5 28. Rxf8+ Kxf8 29. a4 Bd3 30. Bf3 e2+ 31. Kh2 Bc3 32. Rxe2 Bxe2 33. Bxe2 Ke7 34. Bf3 Kd6 35. Bd5 f6 36. g4 Ke5 37. Kg3 f5 38. gxf5 gxf5 39. Kf3 f4 40. Kg4 Bd2 41. h4 Kd4 0-1


[Site "https://www.chess.com"]

[Event "Titled Tuesday Blitz August 15 Early 2023"]
[White "KSho99"]
[Black "RrainlessBobot"]
[WhiteElo "2210"]
[BlackElo "2460"]
[Result "0-1"]
[Round "2"]
[TimeControl "180+1"]
[Date "2023.08.15"]
[WhiteClock "0:00:00"]
[BlackClock "0:01:15"]
[Board "215"]

1. Nf3 Nf6 2. b3 d6 3. d4 c5 4. Bb2 cxd4 5. Nxd4 d5 6. g3 e5 7. Nf3 d4 8. Bg2 Nc6 9. O-O Bc5 10. c3 O-O 11. b4 dxc3 12. Bxc3 Bxb4 13. Bxe5 Bg4 14. Qxd8 Rfxd8 15. a3 Ba5 16. Bc3 Rac8 17. Bxa5 Nxa5 18. Ra2 Be6 19. Rb2 b6 20. Nbd2 Rc3 21. a4 h6 22. Ra1 g6 23. e3 Nc6 24. Ne1 Ne5 25. Ne4 Nxe4 26. Bxe4 Nc4 27. Rbb1 Nd2 28. Rb4 a5 0-1


[Site "https://www.chess.com"]

[Event "Titled Tuesday Blitz August 15 Early 2023"]
[White "Zaichenko, Daria"]
[Black "slidingknight2775"]
[WhiteFideId "4197453"]
[WhiteElo "2207"]
[BlackElo "2458"]
[Result "0-1"]
[Round "2"]
[TimeControl "180+1"]
[Date "2023.08.15"]
[WhiteClock "0:00:00"]
[BlackClock "0:00:07"]
[Board "216"]

1. e4 c6 2. d4 d5 3. Nc3 dxe4 4. Nxe4 Nf6 5. Nxf6+ exf6 6. c3 Bd6 7. Bd3 O-O 8. Qc2 Re8+ 9. Be3 h5 10. O-O-O Nd7 11. Kb1 Nf8 12. Ne2 b5 13. Ng3 Be6 14. Nxh5 Qa5 15. b3 b4 16. c4 Qxh5 17. h3 a5 18. g4 Qh4 19. Rdf1 Bd7 20. Rfg1 Ne6 21. g5 Nxg5 22. Bxg5 fxg5 23. c5 Bf4 24. Be4 Rac8 25. Kb2 Be6 26. Bf3 Red8 27. Rg4 Qh7 28. Be4 f5 29. Bd3 Rxd4 30. Rg2 Rcd8 31. Rd1 Be5 32. Kc1 Bf6 33. Rg3 g6 34. Rd2 Qh4 35. Re3 Bd5 36. Qd1 Be4 37. Bc4+ Kg7 38. Rxd4 Rxd4 39. Qe2 Qf4 40. h4 gxh4 41. Ba6 Qe5 0-1


[Site "https://www.chess.com"]

[Event "Titled Tuesday Blitz August 15 Early 2023"]
[White "Dong Khanh Linh"]
[Black "Mirzanurov, Bulat"]
[WhiteFideId "12403040"]
[BlackFideId "4184521"]
[WhiteElo "2456"]
[BlackElo "2204"]
[Result "1-0"]
[Round "2"]
[TimeControl "180+1"]
[Date "2023.08.15"]
[WhiteClock "0:00:44"]
[BlackClock "0:00:09"]
[Board "217"]

1. d4 d5 2. Nf3 Nf6 3. e3 c5 4. Nbd2 Nc6 5. dxc5 e5 6. Bb5 Qc7 7. b4 a5 8. c3 Bd7 9. Bxc6 Bxc6 10. a4 axb4 11. cxb4 b6 12. cxb6 Qxb6 13. Nxe5 Bxb4 14. O-O O-O 15. Bb2 Bxd2 16. Bd4 Qa6 17. Nxc6 Qxc6 18. Qxd2 Ne4 19. Qa2 Ra5 20. Rfc1 Qd7 21. Qb2 Rfa8 22. Bxg7 Rxa4 23. Rxa4 Rxa4 24. Bd4 Ra8 25. f3 Nd6 26. Qf2 Nc4 27. Qg3+ Kf8 28. Bc5+ 1-0


[Site "https://www.chess.com"]

[Event "Titled Tuesday Blitz August 15 Early 2023"]
[White "Putri, Regita Desyari"]
[Black "Ljukin, Sergei"]
[WhiteFideId "7109083"]
[BlackFideId "14102200"]
[WhiteElo "2204"]
[BlackElo "2454"]
[Result "0-1"]
[Round "2"]
[TimeControl "180+1"]
[Date "2023.08.15"]
[WhiteClock "0:00:03"]
[BlackClock "0:00:12"]
[Board "218"]

1. e4 e6 2. d4 d5 3. Nd2 Nf6 4. e5 Nfd7 5. Bd3 c5 6. c3 Nc6 7. Ne2 cxd4 8. cxd4 f6 9. exf6 Qxf6 10. Nf3 h6 11. O-O Bd6 12. a3 O-O 13. Ng3 Rf7 14. Bc2 Nf8 15. Nh5 Qd8 16. Re1 Qe8 17. Ne5 Nxe5 18. dxe5 Bc5 19. Be3 d4 20. Bxh6 gxh6 21. Nf6+ Rxf6 22. exf6 Qf7 23. Qg4+ Kh8 24. Re5 Bd6 25. Rh5 Qxf6 26. Qh3 Kg7 27. Qg4+ Ng6 28. Re1 e5 29. Bf5 Bxf5 30. Rxf5 Qe6 31. Re4 Rf8 32. Rxf8 Qxg4 33. Rxg4 Bxf8 34. Kf1 Kf6 35. Ke2 Kf5 36. Rg3 e4 37. Rh3 Nf4+ 38. Kd1 Nxh3 39. gxh3 Kf4 0-1


[Site "https://www.chess.com"]

[Event "Titled Tuesday Blitz August 15 Early 2023"]
[White "Spichkin, Alexander"]
[Black "Tqebuchava, Zurab"]
[WhiteFideId "4144074"]
[BlackFideId "13601113"]
[WhiteElo "2453"]
[BlackElo "2203"]
[Result "1-0"]
[Round "2"]
[TimeControl "180+1"]
[Date "2023.08.15"]
[WhiteClock "0:02:08"]
[BlackClock "0:00:00"]
[Board "219"]

1. f4 e6 2. Nf3 b6 3. e4 Bb7 4. d3 d6 5. Be2 Nf6 6. O-O Be7 7. Nc3 O-O 8. Qe1 c5 9. Qg3 Kh8 10. b3 Nc6 11. Bb2 Nd4 12. Bd1 Rc8 13. Qh3 Nxf3+ 14. Bxf3 d5 15. Rad1 d4 16. Ne2 Ng8 17. Ng3 Qc7 18. Bc1 b5 19. Nh5 g6 20. Ng3 c4 21. f5 cxb3 22. cxb3 exf5 23. exf5 Bxf3 24. Rxf3 Bf6 25. Rdf1 Bg7 26. Ne4 Rfe8 27. fxg6 fxg6 28. Ng5 h6 29. Nf7+ Kh7 30. Nxh6 Nxh6 31. Bxh6 Re7 32. Bf4+ 1-0


[Site "https://www.chess.com"]

[Event "Titled Tuesday Blitz August 15 Early 2023"]
[White "Womacka, Mathias"]
[Black "Feliz Dotel, Dewar Bienvenido"]
[WhiteFideId "4611390"]
[BlackFideId "6402801"]
[WhiteElo "2453"]
[BlackElo "2201"]
[Result "1-0"]
[Round "2"]
[TimeControl "180+1"]
[Date "2023.08.15"]
[WhiteClock "0:00:26"]
[BlackClock "0:00:06"]
[Board "220"]

1. e4 e5 2. Nf3 Nc6 3. Bb5 Nf6 4. O-O Nxe4 5. Re1 Nd6 6. Nxe5 Be7 7. Bf1 Nxe5 8. Rxe5 O-O 9. d4 Ne8 10. Re1 d5 11. Bf4 Bd6 12. Qd2 Nf6 13. Nc3 c6 14. Bg5 h6 15. Bh4 Bf5 16. h3 Be7 17. Bd3 Bxd3 18. Qxd3 Re8 19. Re2 Nh5 20. Bxe7 Rxe7 21. g3 Qd7 22. Rae1 Rxe2 23. Qxe2 Qxh3 24. Qe7 Rf8 25. Qxb7 Nxg3 26. fxg3 Qxg3+ 27. Kf1 Qb8 28. Qxb8 Rxb8 29. b3 Rb4 30. Re8+ Kh7 31. Ne2 a5 32. Rc8 Rb6 33. Ra8 f5 34. Rxa5 g5 35. Ra8 f4 36. a4 Kg6 37. a5 Rb5 38. Nc3 Rb4 39. Rc8 Rxd4 40. Rxc6+ Kf5 41. a6 f3 42. a7 Rh4 43. a8=Q Rh1+ 44. Kf2 g4 45. Qf8+ Ke5 46. Qe7+ Kd4 47. Qf6# 1-0


[Site "https://www.chess.com"]

[Event "Titled Tuesday Blitz August 15 Early 2023"]
[White "le-castor-faineant"]
[Black "Sanhueza, Cristian"]
[BlackFideId "116815"]
[WhiteElo "2168"]
[BlackElo "2451"]
[Result "1-0"]
[Round "2"]
[TimeControl "180+1"]
[Date "2023.08.15"]
[WhiteClock "0:00:05"]
[BlackClock "0:00:00"]
[Board "221"]

1. e4 e5 2. Nf3 Nc6 3. Bb5 a6 4. Ba4 Nf6 5. Qe2 b5 6. Bb3 Be7 7. Nc3 O-O 8. a4 Nd4 9. Nxd4 exd4 10. Nd5 Nxd5 11. exd5 Bb7 12. O-O Bd6 13. axb5 axb5 14. Rxa8 Qxa8 15. Qxb5 Ba6 16. Qa4 Bxf1 17. Kxf1 Qe8 18. Qxd4 Qe7 19. Qe3 Qh4 20. h3 Ra8 21. d3 Ra1 22. Ke2 h6 23. Qe8+ Kh7 24. Be3 Qh5+ 25. f3 Qg6 26. g4 Rb1 27. Qxd7 Rxb2 28. Qa4 h5 29. Qe4 hxg4 30. hxg4 Rb1 31. Qxg6+ Kxg6 32. Ba2 Rb2 33. Bb3 f5 34. gxf5+ Kxf5 35. Bd4 Rb1 36. Bxg7 Be5 37. Bf8 Bd6 38. Bg7 Rg1 39. Bd4 Rg2+ 40. Kd1 Kf4 41. Kc1 Kxf3 42. Kb2 Kf4 43. Kc3 Be5 44. Bxe5+ Kxe5 45. Kc4 Kd6 46. Kb5 Rg1 47. Kc4 Rg4+ 48. Kb5 Rh4 49. c4 Rh1 50. c5+ Kd7 51. Kc4 Rc1+ 52. Kd4 Rb1 53. Ba4+ Kd8 54. Bc6 Re1 55. Kc4 Rc1+ 56. Kd4 Rd1 57. Bb5 Ke7 58. Kc4 Rc1+ 59. Kd4 Rh1 60. Bc6 Rh4+ 61. Kc3 Rg4 62. d4 Rg3+ 63. Kc4 Rg1 64. Ba4 Rc1+ 65. Kd3 Rh1 66. Kc4 Ra1 67. Bb5 Rb1 68. Bc6 Rc1+ 69. Kd3 Kf6 70. Ke4 Re1+ 71. Kd3 Rd1+ 72. Kc4 Rc1+ 73. Kb5 Rb1+ 74. Ka6 Ke7 75. Ka5 Kf6 76. Ka6 Kf5 77. Ka7 Kg6 78. Bb7 Kf6 79. Kb8 1-0


[Site "https://www.chess.com"]

[Event "Titled Tuesday Blitz August 15 Early 2023"]
[White "Mrudul Dehankar"]
[Black "Cueto, Jonny"]
[WhiteFideId "25096990"]
[BlackFideId "3300145"]
[WhiteElo "2451"]
[BlackElo "2167"]
[Result "1-0"]
[Round "2"]
[TimeControl "180+1"]
[Date "2023.08.15"]
[WhiteClock "0:00:07"]
[BlackClock "0:00:05"]
[Board "222"]

1. e4 e6 2. d4 d5 3. e5 c5 4. c3 Nc6 5. Nf3 Nh6 6. Bd3 cxd4 7. cxd4 Nf5 8. Bc2 Qb6 9. Bxf5 exf5 10. O-O Be7 11. Nc3 Be6 12. Na4 Qd8 13. Bd2 O-O 14. Rc1 Rc8 15. Nc5 b6 16. Nxe6 fxe6 17. Qa4 Qd7 18. Qb3 Rfd8 19. Rc2 Rc7 20. Rfc1 Rdc8 21. Qa4 a6 22. Qxa6 Nb8 23. Rxc7 Rxc7 24. Qxb6 Rxc1+ 25. Bxc1 Qc8 26. Bd2 h6 27. Bc3 Kf7 28. a4 Nd7 29. Qb5 Nb8 30. a5 Na6 31. Nd2 g5 32. Nb3 Nc7 33. Qc6 Qb8 34. Nc5 Bxc5 35. Qxc5 Nb5 36. Bb4 Nc7 37. h3 f4 38. Qe7+ Kg8 39. Bd6 Qxb2 40. Qxc7 Qxd4 41. Qc8+ Kf7 42. Qd7+ Kg6 43. Qxe6+ Kh5 44. Qf7+ Kh4 45. e6 Qd1+ 46. Kh2 g4 47. g3+ fxg3+ 48. Bxg3+ Kg5 49. h4# 1-0


[Site "https://www.chess.com"]

[Event "Titled Tuesday Blitz August 15 Early 2023"]
[White "Rosenberg, Evan S"]
[Black "Quispe Santacruz, Javier"]
[WhiteFideId "2019299"]
[BlackFideId "3800920"]
[WhiteElo "2447"]
[BlackElo "2160"]
[Result "1-0"]
[Round "2"]
[TimeControl "180+1"]
[Date "2023.08.15"]
[WhiteClock "0:00:35"]
[BlackClock "0:00:29"]
[Board "223"]

1. d4 d5 2. Nf3 Nf6 3. c3 c5 4. dxc5 a5 5. c4 e6 6. Be3 Nc6 7. Nc3 Be7 8. g3 dxc4 9. Qxd8+ Bxd8 10. Bg2 O-O 11. O-O Be7 12. Rac1 Rd8 13. h3 Nd5 14. Nxd5 exd5 15. Rfd1 Be6 16. Nd4 Bf6 17. b3 cxb3 18. axb3 a4 19. bxa4 Rxa4 20. Nxe6 fxe6 21. Rb1 Rd7 22. Bf4 Ra2 23. e3 Be7 24. Bd6 Bxd6 25. cxd6 Ne5 26. Rxd5 Nc6 27. Rdb5 Rxd6 28. Rxb7 Rdd2 29. Bxc6 Rxf2 30. Rb8+ Kf7 31. Rf1 Rxf1+ 32. Kxf1 Rh2 33. h4 Kf6 34. Bg2 g5 35. Kg1 1-0


[Site "https://www.chess.com"]